 Dungeon Crawl Stone Soup version 0.29.0-7-g18a832c13a (webtiles) character file.

Game seed: 1893618442525846046

104 smilodon the Trooper (level 4, -6/52 HPs)
             Began as an Ogre Berserker on Sept 1, 2022.
             Was a Believer of Trog.
             Killed by divine providence
             ... invoked by an orc priest
              (8 damage)
             ... on level 2 of the Dungeon.
             The game lasted 00:05:18 (2677 turns).

smilodon the Trooper (Ogre Berserker)               Turns: 2677, Time: 00:05:20

Health: -6/52      AC:  4    Str: 23    XL:     4   Next: 80%
Magic:  4/4        EV: 10    Int:  8    God:    Trog [**....]
Gold:   95         SH:  0    Dex:  8    Spells: 3/3 levels left

rFire   . . .      SeeInvis .   a - +0 mace
rCold   . . .      Faith    .   (no shield)
rNeg    . . .      Spirit   .   b - +1 animal skin
rPois   .          Reflect  .   (helmet restricted)
rElec   .          Harm     .   (no cloak)
rCorr   .          Rampage  .   (gloves unavailable)
Will    ++...                   (boots unavailable)
Stlth   +.........              (no amulet)
HPRegen 1.17/turn               (no ring)
MPRegen 0.09/turn               (no ring)

@: strong-willed, regenerating
A: large, unfitting armour, tough skin 1
a: Renounce Religion, Berserk, Trog's Hand


You were on level 2 of the Dungeon.
You worshipped Trog.
Trog was pleased with you.
You visited 1 branch of the dungeon, and saw 3 of its levels.

You collected 97 gold pieces.
You spent 2 gold pieces at shops.

Inventory:

Hand Weapons
 a - a +0 mace (weapon)
Missiles
 i - 25 stones (quivered)
Armour
 b - a +1 animal skin (worn)
Jewellery
 j - a ring of magical power
Scrolls
 c - a scroll of fear {unknown}
 e - 2 scrolls of amnesia
 f - a scroll of magic mapping
 l - a scroll of vulnerability {unknown}
 n - a scroll of teleportation {unknown}
 o - a scroll of identify
Potions
 d - a potion of might
 g - 2 potions of curing {unknown}
 h - a potion of flight {unknown}
 k - 2 potions of degeneration {unknown}
 m - a potion of invisibility {unknown}


   Skills:
 + Level 6.1 Fighting
 * Level 3.2 Maces & Flails
 + Level 0.6 Throwing
 - Level 2.8 Dodging
 - Level 0.5 Stealth


You had 3 spell levels left.
You didn't know any spells.
Your spell library contained the following spells:

 Spells                   Type           Power      Damage    Failure   Level
 Static Discharge         Conj/Air       0%         3-3/arc   54%         2
 Lightning Bolt           Conj/Air       0%         1d11      100%        5
 Maxwell's Capacitive Co  Air            0%         ∞         100%        8


Dungeon Overview and Level Annotations

Branches:
Dungeon (3/15)

Altars:

Shops:
D:1 *!((


Innate Abilities, Weirdness & Mutations

You are too large for most types of armour.
You have tough skin. (AC +1)


Message History

You climb upwards.
There is a stone staircase leading down here.
You thump the orc!
You kill the orc!
Trog accepts your kill. The frilled lizard bites you.
You hit the frilled lizard.
The frilled lizard is heavily wounded.
The frilled lizard bites you but does no damage.
You sock the frilled lizard!
You kill the frilled lizard!
Trog accepts your kill.
No target in view!
You climb downwards.
There is a stone staircase leading up here.
The orc priest looks satisfied for a moment.
The orc priest barely misses you.
You climb upwards.
There is a stone staircase leading down here.
You closely miss the orc priest.
The orc priest hits you but does no damage.
The orc priest barely misses you.
You hit the orc priest.
The orc priest is lightly wounded.
The orc priest mumbles some strange prayers to Beogh against you.
Beogh smites you!
The orc priest hits you with a +0 flail.
The orc priest mumbles some strange prayers to Beogh against you.
Pain shoots through your body!
The orc priest mumbles some strange prayers to Beogh against you.
Beogh smites you!
* * * LOW HITPOINT WARNING * * *
Your skin crawls.
You feel strong-willed.
The orc priest calls down the wrath of Beogh upon you.
Beogh smites you!
* * * LOW HITPOINT WARNING * * *
The orc priest mumbles some strange prayers to Beogh against you.
Beogh smites you!
You die...

#.# #.### #.#####..#####.
..# #.# #.............. ###
#.# ####.##......#. #.#
#.#######.## ##.######
###.### #.# #..##...#
#.....# #.#
#.###...#####.###.# ###.#
########.#.......o...# #.#
#...##
.........).....o@###.###.#
#..... ########.#.....[.#
#.....# #...## #
#.....###...### ###.###
##.## # #.##### #...#
##)).#####.### # #.# #####
#............. # #.#
##...#####.### #
#.###############..........#
#
#...)....†..........########
# #.###############.###


You could see 2 orc priests.

Vanquished Creatures
  3 adders (D:2)
  A worm (D:2)
  2 dart slugs (D:1)
  3 orcs (D:2)
  5 endoplasms
  A giant cockroach (D:1)
  3 goblins
  2 hobgoblins (D:2)
  7 jackals
  11 kobolds
  3 quokkas
  8 ball pythons
  6 bats
  4 frilled lizards
  5 rats
64 creatures vanquished.

Notes
Turn   | Place    | Note
-------+----------+-------------------------------------------
     0 | D:1      | smilodon the Ogre Berserker began the quest for the Orb.
     0 | D:1      | Reached XP level 1. HP: 24/24 MP: 1/1
    46 | D:1      | Found a faded altar of an unknown god.
    52 | D:1      | Reached XP level 2. HP: 28/32 MP: 2/2
    93 | D:1      | Found Jiqix's Distillery.
   233 | D:1      | Found Utolaog's Assorted Antiques.
   422 | D:1      | Found Ciuxt's Weapon Boutique.
   440 | D:1      | Found Hoyruc's Weapon Emporium.
   447 | D:1      | Bought 2 stones for 2 gold pieces
   689 | D:1      | Reached ** piety under Trog
   747 | D:1      | Reached XP level 3. HP: 41/41 MP: 3/3
   805 | D:1      | Reached skill level 5 in Fighting
  1609 | D:2      | Reached XP level 4. HP: 39/52 MP: 4/4
  1867 | D:2      | Reached skill level 6 in Fighting
  2665 | D:2      | Reached *** piety under Trog
  2677 | D:2      | HP: 2/52 [orc priest/divine providence (11)]
  2677 | D:2      | Killed from afar by an orc priest

Illustrated notes

Levels and vault maps discovered:
D:1:      heliophobic_arrival_glass_houses, layout_loops_ring, serial_shops,
          nicolae_shop_statue_plus, nicolae_shop_stone,
          nicolae_shop_bloodbath_and_beyond, shop,
          ebering_ecumenical_altar_abandoned, st_stairs_6
D:2:      layout_loops_ring
D:3:      layout_rooms, serial_co_window_serial, co_window_paths_b,
          co_window_corner_a, co_window_corner_a, co_window_cross_1,
          co_window_paths_a, co_window_of_opportunity_a, co_window_corner_a,
          co_window_broadway_b, co_window_of_opportunity_b, co_window_corner_ca,
          glass_columns_b, glass_columns_a, glass_columns_a, glass_columns_a,
          glass_columns_b, minmay_diced_spiral

Skill      XL: |  1  2  3  4 |
---------------+-------------+-----
Fighting       | 5 6 |  6.1
Maces & Flails | 3 |  3.2
Throwing       | |  0.6
Dodging        | |  2.8
Stealth        | |  0.5

Action                   |  1- 3 |  4- 6 || total
-------------------------+-------+-------++-------
Melee: Mace              |   124 |    86 ||   210
       Punch             |     1 |       ||     1
Throw: Stone             |     9 |     1 ||    10
Invok: Trog's Hand       |       |     1 ||     1
  Use: Scroll            |       |     6 ||     6
 Stab: Distracted        |       |     1 ||     1
Armor: Animal skin       |    45 |    58 ||   103
Dodge: Dodged            |    87 |    77 ||   164
